 Dungeon Crawl Stone Soup version 0.30-a0-42-g806c11bf1d (webtiles) character file.

Game seed: 2387095875025114752

38407 Newt the Slicer (level 13, -11/103 HPs)
             Began as a Demonspawn Gladiator on Aug 30, 2022.
             Was an Initiate of Gozag.
             Mangled by a white ugly thing (25 damage)
             ... on level 13 of the Dungeon.
             The game lasted 00:29:46 (19735 turns).

Newt the Slicer (Demonspawn Gladiator)             Turns: 19735, Time: 00:29:47

Health: -11/103    AC: 15    Str: 17    XL:     13   Next: 63%
Magic:  0/11       EV: 16    Int: 12    God:    Gozag
Gold:   1121       SH:  0    Dex: 21    Spells: 12/12 levels left

rFire   . . .      SeeInvis .    x - +0 short sword (elec)
rCold   . . .      Faith    .    (no shield)
rNeg    + . .      Spirit   +    a - +1 leather armour of the Invisible Hand {rPois Dex+3}
rPois   +          Reflect  .    Z - +2 helmet {Int+3}
rElec   .          Harm     .    (no cloak)
rCorr   .          Rampage  .    (no gloves)
Will    +....                    (no boots)
Stlth   ++........               d - amulet of guardian spirit
HPRegen 0.00/turn                I - ring "Dycullaa" {rN+ AC+4}
MPRegen 0.12/turn                l - ring of willpower

@: about to teleport, gold aura, inhibited regen, studying Armour
A: thin metallic scales 2, ignite blood 2, demonic magic 1, demonic touch 2, low
MP 1, inhibited regeneration, MP-powered wands, sturdy frame 1
a: Renounce Religion, Potion Petition, Call Merchant, Bribe Branch


You were on level 13 of the Dungeon.
You worshipped Gozag.
Gozag was most pleased with you.
You visited 2 branches of the dungeon, and saw 16 of its levels.
You also visited: Sewer and Bailey.

You collected 2692 gold pieces.
You spent 673 gold pieces at shops.
You paid 898 gold pieces to Gozag.

Inventory:

Hand Weapons
 x - a +0 short sword of electrocution (weapon)
Missiles
 c - 6 atropa-tipped darts
 i - 9 boomerangs (quivered)
 p - 4 javelins
 v - 6 curare-tipped darts
 F - 21 poisoned darts
 W - 6 silver boomerangs
Armour
 a - the +1 leather armour of the Invisible Hand (worn) {rPois Dex+3}
   (You bought it in a shop on level 10 of the Dungeon)

   Dex:       It affects your dexterity (+3).
   rPois:     It protects you from poison.
 t - the +2 robe "Soosugea" {rPois Will+ Regen+ Dex-3}
   (You found it on level 3 of the Dungeon)

   Dex:       It affects your dexterity (-3).
   rPois:     It protects you from poison.
   Regen:     It increases your rate of health regeneration.
   Will:      It increases your willpower.
 Z - a +2 helmet of intelligence (worn)
Jewellery
 d - an amulet of guardian spirit (around neck)
 h - a ring of wizardry
 j - a ring of resist corrosion
 l - a ring of willpower (right hand)
 n - a ring of protection from fire
 z - a ring of protection from fire
 I - the ring "Dycullaa" (left hand) {rN+ AC+4}
   (You acquired it on level 6 of the Dungeon)

   [ring of protection]

   AC:        It affects your AC (+4).
   rN:        It protects you from negative energy.
 L - a +6 ring of dexterity
 R - an amulet of magic regeneration
Wands
 G - a wand of paralysis (27)
 M - a wand of roots (18)
 N - a wand of mindburst (4)
Scrolls
 e - 2 scrolls of blinking
 o - 2 scrolls of enchant weapon
 s - 2 scrolls of poison
 u - 4 scrolls of teleportation
 y - 2 scrolls of butterflies
 C - a scroll of fear
 D - 2 scrolls of amnesia
 E - 2 scrolls of silence
 J - a scroll of enchant armour
 V - a scroll of noise
Potions
 f - a potion of magic
 g - 2 potions of resistance
 k - a potion of haste
 m - 3 potions of curing
 q - 2 potions of ambrosia
 r - a potion of might
 w - 4 potions of flight
 B - 2 potions of brilliance
 K - 2 potions of cancellation
 O - 3 potions of lignification
 Q - 2 potions of invisibility
 S - 2 potions of berserk rage
Miscellaneous
 H - a phantom mirror
 X - a phial of floods


   Skills:
 - Level 10.0 Fighting
 + Level 13.6 Short Blades
 - Level 10.0 Throwing
 - Level 10.0 Armour
 - Level 6.0 Dodging
 - Level 2.0 Stealth
 - Level 6.0 Evocations


You had 12 spell levels left.
You didn't know any spells.
Your spell library contained the following spells:

 Spells                   Type           Power      Damage    Failure   Level
 Apportation              Tloc           0%         N/A       34%         1
 Necrotise                Necr           0%         1d4       34%         1
 Summon Small Mammal      Summ           0%         N/A       34%         1
 Ensorcelled Hibernation  Hex/Ice        0%         N/A       45%         2
 Passwall                 Tmut/Erth      0%         N/A       45%         2
 Swiftness                Air            0%         N/A       71%         3
 Vampiric Draining        Necr           0%         2d6       71%         3
 Petrify                  Tmut/Erth      0%         N/A       98%         4
 Agony                    Necr           0%         N/A       100%        5
 Metabolic Englaciation   Hex/Ice        0%         N/A       100%        5
 Dispersal                Tloc           0%         N/A       100%        6
 Statue Form              Tmut/Erth      0%         N/A       100%        6
 Disjunction              Tloc           0%         N/A       100%        8


Dungeon Overview and Level Annotations

Branches:
Dungeon (15/15) Temple (1/1) D:7 Lair (0/5) D:9 Orc (0/2) D:10 Vaults (0/5) D:12 D:13 Depths (0/4) D:15 Sewer (visited) Bailey (visited)

Altars:
Ashenzari
Cheibriados
Dithmenos
Fedhas
Gozag
Hepliaklqana
Kikubaaqudgha
Makhleb
Nemelex Xobeh
Okawaru
Qazlal
Ru
Sif Muna
Trog
Uskayaw
Vehumet
Wu Jian
Xom
Yredelemnul

Shops:
D:4 *   D:10 [

Portals:
Trove: D:15 (give +3 fire dragon scales)


Innate Abilities, Weirdness & Mutations

You are mostly covered in thin metallic scales. (AC +3)
Your demonic aura often causes spilled blood to erupt in flames.
Spells you cast may paralyse adjacent enemies.
Your touch may inflict irresistible damage on your foes.
Your magical capacity is low. (-10% MP)
You do not regenerate when monsters are visible.
You expend magic power (3 MP) to strengthen your wands.
Your movements are slightly less encumbered by armour. (ER -2)


Message History

Lightning courses through the brown ugly thing!!
Your touch misses the brown ugly thing.
The brown ugly thing is severely wounded.
The brown ugly thing is engulfed in blazing flames.
The brown ugly thing bites you but does no damage.
You hit the brown ugly thing.
The brown ugly thing is almost dead.
You hit the brown ugly thing.
Lightning courses through the brown ugly thing!
You kill the brown ugly thing!
No target in view!
No target in view!
No target in view!
No target in view!
No target in view!
No target in view!
No target in view!
No target in view!
There is a gate to the Vaults here.
You need a rune to enter this place.
You now have 1121 gold pieces (gained 8).
There is a stone staircase leading up, spattered with blood here.
There is a stone staircase leading down, spattered with blood here.
You climb downwards.
The cyan ugly thing completely misses you.
The white ugly thing engulfs you! The white ugly thing freezes you!!
The cyan ugly thing claws you. The cyan ugly thing shocks you!
There is a stone staircase leading up, spattered with blood here.
The white ugly thing engulfs you but does no damage.
The cyan ugly thing claws you. The cyan ugly thing shocks you!
* * * LOW HITPOINT WARNING * * *
You climb upwards.
There is a stone staircase leading down, spattered with blood here.
Unknown command.
As you read the scroll of teleportation, it crumbles to dust.
You feel strangely unstable. The white ugly thing engulfs you.
* * * LOW HITPOINT WARNING * * *
The white ugly thing freezes you!!
You die...
Your body crumbles into a pile of gold.

##. #.# ###..
#.#
#....#######.#
#............#
#............#
#............#
#............#
##....u<∩.....#
.......@<.....#
..^....[u.....#
.#......).....#
#............#
..............#
########.####.#
### ##


You could see 2 ugly things.

Vanquished Creatures
  Rupert (D:12)
  Roxanne (D:15)
  A spriggan zombie (D:15)
  2 boulder beetles
  3 centaur warriors
  2 two-headed ogres
  4 tengu warriors (D:15)
  A skeletal warrior (D:15)
  The ghost of ytrimaz the Nimble, a novice OpTm of Ashenzari (D:7)
  Pikel (D:4)
  A necromancer (D:15)
  2 orc knights
  3 ugly things
  2 deep elf pyromancers (D:15)
  A cyclops (D:12)
  A black mamba (shapeshifter) (D:12)
  A gargoyle (D:11)
  3 unseen horrors
  2 kobold demonologists
  2 tengu conjurers (D:15)
  A komodo dragon (D:10)
  3 trolls
  A hornet (D:9)
  6 slime creatures (D:11)
  A shadow (D:12)
  15 humans
  3 wraiths
  2 vampires
  Eustachio (D:6)
  14 yaks
  7 vampire mosquitoes
  3 steam dragons
  2 wargs (D:9)
  2 acid dragons
  A water moccasin (D:7)
  Pargi (Sewer)
  3 ice beasts
  21 orc warriors
  A black bear (D:5)
  2 sky beasts (D:6)
  2 ogres (D:4)
  2 centaurs
  2 phantoms
  6 kobold brigands
  3 bullfrogs
  2 necrophages
  2 gnoll sergeants
  2 scorpions (D:6)
  5 wights (D:7)
  5 killer bees (D:8)
  7 howler monkeys
  2 hounds
  4 orc priests
  2 iguanas
  Jessica (D:3)
  10 orc wizards
  16 gnolls
  12 adders
  A white imp (D:6)
  An ufetubus (D:5)
  A worm (D:5)
  6 dart slugs
  69 orcs
  2 bats (D:1)
  3 endoplasms
  8 giant cockroaches
  8 goblins
  6 hobgoblins
  4 jackals (D:3)
  3 quokkas
  7 ball pythons
  5 frilled lizards
  35 kobolds
  19 rats
388 creatures vanquished.

Vanquished Creatures (others)
  3 gnolls (D:5)
  A quokka (D:5)
  11 withered plants
15 creatures vanquished.

Grand Total: 403 creatures vanquished

Notes
Turn   | Place    | Note
-------+----------+-------------------------------------------
     0 | D:1      | Newt the Demonspawn Gladiator began the quest for the Orb.
     0 | D:1      | Reached XP level 1. HP: 16/16 MP: 1/1
   404 | D:1      | Reached skill level 1 in Stealth
   712 | D:1      | Gained mutation: Your demonic aura sometimes causes spilled
                  | blood to erupt in flames. [demonic ancestry]
   712 | D:1      | Reached XP level 2. HP: 21/22 MP: 2/2
  1211 | D:2      | Found a faded altar of an unknown god.
  1238 | D:2      | Reached XP level 3. HP: 10/28 MP: 3/3
  1243 | D:2      | HP: 1/29 [constriction (1)]
  1244 | D:2      | Gained mutation: You are robust. (+10% HP) [potion of
                  | mutation]
  1244 | D:2      | Lost mutation: You are robust. (+10% HP) [potion of
                  | mutation]
  1244 | D:2      | Gained mutation: Potions are less effective at restoring
                  | your health. [potion of mutation]
  1250 | D:2      | Lost mutation: Potions are less effective at restoring your
                  | health. [potion of mutation]
  1250 | D:2      | Gained mutation: Your magical capacity is low. (-10% MP)
                  | [potion of mutation]
  1250 | D:2      | Gained mutation: You do not regenerate when monsters are
                  | visible. [potion of mutation]
  1250 | D:2      | Gained mutation: You expend magic power (3 MP) to
                  | strengthen your wands. [potion of mutation]
  1250 | D:2      | Gained mutation: Your movements are slightly less
                  | encumbered by armour. (ER -2) [potion of mutation]
  1788 | D:2      | Reached XP level 4. HP: 4/37 MP: 3/3
  1788 | D:2      | HP: 1/37 [goblin/+0 trident (3)]
  2492 | D:3      | Identified the +2 robe "Soosugea" {rPois Will+ Regen+
                  | Dex-3}
  2594 | D:3      | Reached skill level 3 in Short Blades
  2661 | D:3      | Noticed Jessica
  2670 | D:3      | Killed Jessica
  2704 | D:3      | Gained mutation: You are partially covered in thin metallic
                  | scales. (AC +2) [demonic ancestry]
  2704 | D:3      | Reached XP level 5. HP: 42/42 MP: 4/4
  3343 | D:4      | Reached skill level 4 in Short Blades
  3569 | D:4      | Noticed an ogre
  3576 | D:4      | Killed an ogre
  3577 | D:4      | Gained mutation: You are mostly covered in thin metallic
                  | scales. (AC +3) [demonic ancestry]
  3577 | D:4      | Reached XP level 6. HP: 48/48 MP: 5/5
  3595 | D:4      | Reached skill level 5 in Short Blades
  3657 | D:4      | Found a glowing drain.
  3683 | Sewer    | Entered a sewer
  3775 | Sewer    | Noticed Pargi
  3785 | Sewer    | Killed Pargi
  3786 | Sewer    | Reached skill level 6 in Short Blades
  3870 | D:4      | Noticed Pikel
  3913 | D:4      | Killed Pikel
  3914 | D:4      | Reached skill level 7 in Short Blades
  3914 | D:4      | Reached XP level 7. HP: 34/54 MP: 0/6
  3997 | D:4      | Found Goakliak's Assorted Antiques.
  4003 | D:4      | Bought a scroll of identify for 54 gold pieces
  4003 | D:4      | Bought a scroll of identify for 54 gold pieces
  4070 | D:4      | Reached skill level 8 in Short Blades
  4070 | D:4      | Reached XP level 8. HP: 60/60 MP: 7/7
  4664 | D:5      | Entered Level 5 of the Dungeon
  4974 | D:5      | Reached skill level 9 in Short Blades
  5351 | D:6      | Reached skill level 10 in Short Blades
  5810 | D:6      | Gained mutation: Your touch may inflict minor irresistible
                  | damage on your foes. [demonic ancestry]
  5810 | D:6      | Reached XP level 9. HP: 55/65 MP: 8/8
  5815 | D:6      | Identified a scroll of acquirement
  5815 | D:6      | Acquired the ring "Dycullaa" {rN+ AC+4}
  5832 | D:6      | Found a snail-covered altar of Cheibriados.
  6022 | D:6      | Noticed Eustachio
  6044 | D:6      | Killed Eustachio
  6221 | D:6      | Reached skill level 5 in Dodging
  6475 | D:7      | Found a staircase to the Ecumenical Temple.
  6598 | Temple   | Entered the Ecumenical Temple
  6722 | Temple   | Became a worshipper of Gozag Ym Sagoz the Greedy
  6889 | D:7      | Found a runed translucent door.
  6890 | D:7      | Noticed ytrimaz's ghost (novice OpTm)
  7191 | D:7      | Reached skill level 5 in Throwing
  7621 | D:7      | Found a shimmering blue altar of Sif Muna.
  7967 | D:7      | Killed ytrimaz's ghost
  7968 | D:7      | Gained mutation: Your demonic aura often causes spilled
                  | blood to erupt in flames. [demonic ancestry]
  7968 | D:7      | Reached XP level 10. HP: 57/71 MP: 9/9
  8438 | D:8      | Found a shadowy altar of Dithmenos.
  8790 | D:8      | Reached skill level 5 in Fighting
  9640 | D:9      | Found a staircase to the Lair.
  9662 | D:9      | Reached skill level 1 in Armour
  9922 | D:10     | Entered Level 10 of the Dungeon
  9959 | D:10     | Found a flagged portal.
  9979 | Bailey   | Entered a bailey
 10490 | Bailey   | Noticed an orc knight
 10542 | Bailey   | Killed an orc knight
 10543 | Bailey   | Reached skill level 5 in Armour
 10684 | Bailey   | Gained mutation: Spells you cast may paralyse adjacent
                  | enemies. [demonic ancestry]
 10684 | Bailey   | Reached XP level 11. HP: 81/81 MP: 9/9
 11036 | D:10     | Found a radiant altar of Vehumet.
 11280 | D:10     | Reached skill level 10 in Throwing
 11280 | D:10     | Gained mutation: Your touch may inflict irresistible damage
                  | on your foes. [demonic ancestry]
 11280 | D:10     | Reached XP level 12. HP: 67/88 MP: 7/10
 11559 | D:10     | Bought a shiny helmet for 292 gold pieces
 11559 | D:10     | Bought a spiked leather armour for 273 gold pieces
 11559 | D:10     | Identified the +1 leather armour of the Invisible Hand
                  | {rPois Dex+3} (You bought it in a shop on level 10 of the
                  | Dungeon)
 12070 | D:10     | Found a staircase to the Orcish Mines.
 12487 | D:11     | Reached skill level 10 in Armour
 12488 | D:11     | Reached skill level 5 in Evocations
 13253 | D:11     | Noticed a two-headed ogre
 13262 | D:11     | Killed a two-headed ogre
 15069 | D:12     | Noticed a two-headed ogre
 15080 | D:12     | Killed a two-headed ogre
 16274 | D:13     | Noticed Rupert
 16274 | D:13     | Noticed a centaur warrior
 16274 | D:13     | Found a gate to the Vaults.
 16320 | D:12     | Reached skill level 10 in Fighting
 16653 | D:13     | Paralysed by Rupert for 2 turns
 16992 | D:12     | Paralysed by Rupert for 2 turns
 17007 | D:12     | Killed Rupert
 17028 | D:12     | Reached skill level 11 in Short Blades
 17087 | D:12     | Reached XP level 13. HP: 103/103 MP: 11/11
 17269 | D:13     | You fall into a shaft and drop 2 floors!
 17269 | D:15     | Entered Level 15 of the Dungeon
 17732 | D:15     | Noticed Roxanne
 17774 | D:15     | Killed Roxanne
 17775 | D:15     | Reached skill level 12 in Short Blades
 18543 | D:15     | Found a portal to a secret trove of treasure.
 18734 | D:15     | Reached skill level 13 in Short Blades
 18738 | D:15     | Found a staircase to the Depths.
 19735 | D:13     | Mangled by a white ugly thing

Illustrated notes

Levels and vault maps discovered:
D:1:      minmay_arrival_checkered_box, layout_basic
D:2:      layout_rooms, nicolae_ecumenical_snake_handling, grunt_decor_arrowhead
D:3:      layout_rooms, moated_statue, minmay_misc_feat_iff, minmay_rat_hole,
          uniq_jessica
D:4:      layout_loops_corners, gup_sewer_entry_glass, serial_shops,
          nicolae_shop_temple_entry_statues_fountains, uniq_pikel
D:5:      layout_basic, nicolae_sextant
D:6:      layout_loops_cross, mainiacjoe_overflow_catwalk, uniq_eustachio
D:7:      layout_basic, mainiacjoe_overflow_six_doors_small,
          minmay_temple_entry_sparse_star, gammafunk_ghost_grave,
          chequers_serial_rivers_large_a, kennysheep_generic_room_2
D:8:      layout_loops_cross, mainiacjoe_overflow_surrounded_room,
          grunt_decor_resistance
D:9:      layout_basic, erik_lair_orcish_takeover
D:10:     layout_roguey [special_room_orc], lemuel_tele_altar, david_orc_4,
          enter_bailey_7
D:11:     layout_gridville, kennysheep_generic_room_3
D:12:     layout_long_grid
D:13:     layout_basic, david_vaults_3
D:14:     layout_irregular_city, chequers_serial_rivers_micro_b,
          serial_column_ruins, column_ruins_hut, column_ruins_hut,
          column_ruins_open_tiny, column_ruins_columns_straight,
          column_ruins_columns_corner, column_ruins_open_tiny,
          column_ruins_grid_3, column_ruins_columns_straight,
          column_ruins_columns_water
D:15:     gammafunk_depths_entry_grave, layout_irregular_city, enter_trove_0,
          uniq_roxanne
Temple:   nicolae_temple_two_arcs

Skill      XL: |  1  2  3  4  5  6  7  8  9 10 11 12 13 |
---------------+----------------------------------------+-----
Stealth        | 1 2 |  2.0
Fighting       | 3 4 6 10 | 10.0
Short Blades   | 3 4 7 8 10 11 13 | 13.6
Dodging        | 4 6 |  6.0
Throwing       | 6 8 10 | 10.0
Armour         | 8 10 | 10.0
Evocations     | 4 6 |  6.0

Action                   |  1- 3 |  4- 6 |  7- 9 | 10-12 | 13-15 || total
-------------------------+-------+-------+-------+-------+-------++-------
Melee: Rapier            |   100 |   208 |       |       |       ||   308
       Short sword       |       |    60 |   367 |   748 |   244 ||  1419
       Punch             |       |     2 |     6 |     5 |     3 ||    16
       Touch             |       |       |    23 |   139 |    61 ||   223
Throw: Throwing net      |     2 |     3 |     1 |       |     1 ||     7
       Javelin           |     1 |     4 |       |     9 |       ||    14
       Boomerang         |       |     5 |     9 |    78 |     9 ||   101
       Dart              |       |       |       |     5 |       ||     5
Invok: Call Merchant     |       |       |       |     1 |       ||     1
Evoke: Wand              |       |       |       |     7 |       ||     7
  Use: Scroll            |     2 |    10 |     5 |     7 |     7 ||    31
       Potion            |     3 |     4 |     2 |     5 |     3 ||    17
 Stab: Held in net/web   |     1 |     2 |     2 |       |       ||     5
       Sleeping          |       |     4 |     3 |     7 |     1 ||    15
       Distracted        |       |       |       |     6 |     1 ||     7
Armor: Leather armour    |    42 |     5 |       |   185 |    86 ||   318
       Robe              |       |    94 |   100 |    83 |       ||   277
Dodge: Dodged            |    78 |   173 |   168 |   406 |   139 ||   964

Table legend: (Time is in decaauts)
 A = Elapsed time spent in this place.
 B = Non-inter-level travel time spent in this place.
 C = Inter-level travel time spent in this place.
 D = Time resting spent in this place.
 E = Time spent auto-exploring this place.
 F = Levels seen in this place.
 G = Mean time per level.
                   A        B        C        D        E       F      G
               +--------+--------+--------+--------+--------+-----+--------+
         Total |  19266 |  18708 |    558 |   5202 |  10373 |  18 | 1070.3 |
       Dungeon |  18165 |  17628 |    537 |   4971 |   9866 |  15 | 1211.0 |
        Temple |    132 |    111 |     21 |      0 |    104 |   1 |  132.0 |
         Sewer |    155 |    155 |      0 |      0 |    104 |   1 |  155.0 |
        Bailey |    812 |    812 |      0 |    231 |    298 |   1 |  812.0 |
               +--------+--------+--------+--------+--------+-----+--------+

Top non-repeatable levels by time:
    D:12: 2371 daAuts
    D:11: 2223 daAuts
    D:15: 1736 daAuts
    D:10: 1714 daAuts
     D:7: 1332 daAuts
     D:4: 1312 daAuts
     D:2: 1280 daAuts
     D:6: 1233 daAuts
     D:1: 1186 daAuts
     D:9: 978 daAuts
  Bailey: 812 daAuts
     D:8: 798 daAuts
     D:3: 725 daAuts
    D:14: 614 daAuts
     D:5: 578 daAuts
